Map: Abyssal Reef LE

Players

Bly - Winner!

  • Race: Zerg Zerg
  • Spawn Location: 5:00

SpeCIaL

  • Race: Terran Terran
  • Spawn Location: 11:00

Event: WCS Jonkoping 2017

VOD

Have the link to the VOD?

Description

Time

  • Played on: June 18, 2017, 2 p.m.
  • Length: 42:38

All games in this series

Show
View Real Time Build Order
Export as new Build Order

Bly Zerg - Winner!

Build Orders: Hatch First, Swarm Host 

Get SALT Encoding   

  12  0:01  Drone  
  13  0:12  Overlord  
  13  0:17  Drone  
  14  0:30  Drone x2  
  14  0:34  Drone  
  17  0:52  Hatchery  
  17  0:57  Drone  
  17  0:59  Drone  
  17  1:03  Extractor  
  17  1:14  Spawning Pool  
  17  1:16  Drone  
  17  1:20  Drone  
  18  1:29  Drone  
  19  1:40  Overlord  
  19  1:49  Drone  
  20  2:01  Queen  
  22  2:03  Zergling x2  
  22  2:04  Queen  
  22  2:05  Zergling x2  
  22  2:07  Metabolic Boost  
  26  2:12  Drone  
  27  2:19  Drone  
  27  2:22  Drone  
  29  2:29  Extractor  
  28  2:32  Drone x2  
  30  2:39  Spore Crawler  
  30  2:40  Queen  
  30  2:43  Overlord  
  32  2:50  Drone x2  
  35  2:54  Roach Warren  
  34  3:02  Drone x2  
  35  3:07  Overlord  
  35  3:15  Overlord  
  33  3:33  Roach x3  
  39  3:35  Roach  
  39  3:40  Roach  
  39  3:41  Hatchery  
  42  3:43  Roach  
  42  3:44  Roach  
  47  3:55  Zergling x2  
  47  3:56  Zergling x8  
  47  4:00  Zergling x4  
  53  4:06  Overlord  
  53  4:13  Drone x2  
  55  4:18  Drone  
  55  4:21  Lair  
  55  4:22  Drone  
  55  4:23  Drone  
  58  4:29  Overlord  
  51  4:49  Drone x3  
  44  5:06  Drone x7  
  44  5:07  Drone x5  
  49  5:11  Spore Crawler  
  51  5:14  Spore Crawler  
  51  5:17  Roach  
  51  5:18  Roach  
  51  5:19  Queen  
  51  5:20  Overseer  
  56  5:23  Spore Crawler, Roach  
  56  5:24  Roach  
  60  5:28  Drone  
  60  5:31  Extractor  
  60  5:34  Drone x2  
  62  5:35  Drone  
  62  5:38  Overlord  
  60  5:44  Drone  
  60  5:45  Drone x5  
  60  5:48  Drone x2  
  68  5:55  Roach x3  
  74  5:57  Drone  
  74  5:59  Overlord  
  75  6:05  Drone  
  75  6:08  Overlord  
  75  6:13  Overlord  
  73  6:22  Roach x3  
  77  6:33  Drone x5  
  77  6:34  Infestation Pit  
  77  6:35  Drone x2  
  77  6:37  Extractor x2  
  77  6:43  Drone x2  
  77  6:44  Extractor x2, Drone x2  
  77  6:46  Glial Reconstitution  
  79  6:47  Overlord  
  79  6:53  Drone  
  80  6:55  Drone  
  80  6:56  Drone x2  
  80  6:57  Drone  
  80  6:58  Drone x2  
  80  6:59  Hatchery, Overlord  
  85  7:07  Overlord  
  89  7:08  Roach x3  
  91  7:21  Drone x3  
  94  7:24  Overlord  
  94  7:27  Overlord  
  94  7:31  Roach x4  
  94  7:32  Roach x2  
  94  7:33  Hive  
  106  7:39  Drone x2  
  108  7:49  Overlord  
  108  7:50  Drone x2  
  108  7:53  Overlord  
  108  7:54  Burrow  
  108  7:58  Extractor  
  107  8:02  Extractor  
  98  8:15  Overlord x2  
  94  8:21  Swarm Host  
  94  8:22  Swarm Host x8  
  121  8:33  Roach  
  121  8:34  Roach x6  
  135  8:35  Hydralisk Den  
  135  8:41  Drone x5  
  135  8:45  Viper  
  135  8:47  Overlord  
  142  8:49  Drone x2  
  142  8:50  Drone  
  142  8:55  Overlord  
  145  8:59  Overlord  
  145  9:03  Hatchery  
  144  9:28  Hydralisk x10, Muscular Augments  
  144  9:29  Hydralisk x2  
  168  9:32  Overlord  
  168  9:36  Spore Crawler  
  164  9:49  Overlord  
  164  9:50  Hydralisk  
  164  9:51  Hydralisk x5  
  176  9:54  Viper x2  
  176  9:59  Overlord  
  176  10:23  Hydralisk x6  
  178  10:52  Hydralisk x9  
  178  10:56  Spire  
  195  11:05  Drone x3  
  196  11:24  Drone x4  
  196  11:33  Evolution Chamber  
  196  11:34  Evolution Chamber  
  165  12:12  Hydralisk  
  165  12:13  Hydralisk x18  
  142  12:39  Hydralisk x15  
  142  12:43  Zerg Missile Weapons Level 1  
  142  12:44  Greater Spire, Zerg Melee Weapons Level 1  
  168  12:47  Viper  
  168  12:48  Pneumatized Carapace  
  171  12:51  Extractor  
  171  12:52  Extractor  
  169  13:07  Extractor  
  169  13:08  Drone x2  
  169  13:11  Corruptor x6  
  169  13:12  Corruptor x2  
  186  13:16  Drone x2  
  186  13:17  Drone x3  
  191  13:22  Evolution Chamber, Roach  
  188  14:00  Brood Lord x8  
  189  14:15  Hatchery  
  167  14:20  Viper x2  
  150  14:27  Corruptor  
  152  14:32  Drone x3  
  152  14:35  Zergling x8  
  141  14:50  Hydralisk x5  
  141  14:51  Hydralisk  
  145  14:59  Hatchery  
  140  15:25  Hydralisk x6  
  140  15:26  Viper  
  140  15:27  Viper x2  
  157  15:46  Hydralisk  
  157  15:47  Hydralisk x4  
  151  16:19  Drone x10  
  151  16:20  Drone x6  
  165  16:31  Corruptor x4  
  173  16:57  Extractor  
  173  16:59  Drone x2  
  174  17:04  Brood Lord x2  
  174  17:05  Brood Lord x3  
  184  17:12  Hatchery  
  183  17:22  Corruptor  
  183  17:23  Corruptor x4  
  183  17:27  Zerg Missile Weapons Level 2, Zerg Flyer Weapons Level 1  
  179  18:01  Corruptor x3  
  166  18:16  Hydralisk  
  166  18:17  Hydralisk x7  
  152  18:36  Hydralisk x8  
  152  18:37  Hydralisk x2  
  166  18:44  Drone x5  
  147  19:03  Brood Lord x3  
  153  19:10  Hatchery  
  153  19:13  Hydralisk  
  153  19:14  Hydralisk x7  
  167  19:19  Spore Crawler  
  167  19:20  Spore Crawler  
  167  19:22  Roach x2  
  167  19:37  Drone x2  
  171  19:38  Drone x4  
  171  19:39  Drone x6  
  171  19:40  Drone  
  181  19:45  Extractor  
  181  19:48  Overseer  
  180  19:53  Drone x2  
  180  19:55  Viper x3  
  191  20:05  Zerg Missile Weapons Level 3, Zerg Melee Weapons Level 2  
  162  20:43  Roach x2  
  162  20:46  Hydralisk  
  162  20:47  Hydralisk x14  
  188  21:00  Drone x3  
  188  21:01  Spine Crawler  
  188  21:02  Extractor  
  188  21:03  Spine Crawler  
  188  21:09  Drone x2  
  188  21:11  Extractor  
  189  21:12  Extractor  
  188  21:19  Corruptor x4, Overlord  
  196  21:31  Zergling x4  
  176  21:52  Roach x7  
  178  21:58  Drone x5  
  178  22:00  Drone  
  149  22:17  Roach x3  
  149  22:18  Roach x9  
  161  22:28  Drone x3  
  165  22:30  Drone x3  
  165  22:33  Zerg Flyer Armor Level 1  
  162  22:53  Drone x3  
  162  22:54  Drone x6  
  162  22:55  Drone x4  
  170  23:04  Roach  
  166  23:12  Corruptor x5  
  170  23:17  Overseer  
  170  23:18  Drone  
  177  23:45  Hydralisk x9  
  177  23:46  Hydralisk x2  
  199  24:05  Spine Crawler x2  
  199  24:09  Queen x2  
  197  24:15  Overseer  
  191  24:20  Drone x3  
  194  24:26  Zerg Melee Weapons Level 3  
  194  24:27  Zerg Flyer Weapons Level 2  
  194  24:31  Hatchery  
  193  24:38  Hydralisk x3  
  192  24:56  Roach  
  185  25:06  Viper  
  185  25:07  Viper  
  189  25:19  Brood Lord x5  
  199  25:25  Spore Crawler x2  
  199  25:26  Spore Crawler x4  
  193  25:34  Brood Lord x2  
  193  25:35  Brood Lord  
  203  25:55  Overlord  
  203  25:56  Zerg Ground Armor Level 1  
  201  26:12  Spine Crawler x2  
  199  26:18  Drone  
  200  26:30  Adrenal Glands  
  200  26:39  Spine Crawler  
  197  26:40  Extractor  
  197  26:41  Spore Crawler  
  197  26:42  Spine Crawler x2  
  197  26:43  Extractor, Spine Crawler  
  175  27:09  Viper x5  
  184  27:19  Infestor x2  
  188  27:22  Overseer  
  188  27:35  Infestor  
  171  27:44  Queen  
  171  27:50  Corruptor x2  
  177  27:52  Zergling x8  
  177  27:53  Zergling x36  
  199  28:10  Spore Crawler  
  199  28:11  Spore Crawler  
  197  28:16  Queen  
  199  28:20  Hatchery  
  182  29:22  Drone x2  
  182  29:23  Spore Crawler, Drone  
  182  29:24  Spore Crawler  
  182  29:25  Spore Crawler  
  182  29:26  Spore Crawler  
  182  29:27  Spore Crawler x2  
  172  30:07  Zerg Flyer Armor Level 2  
  172  30:08  Zerg Ground Armor Level 2  
  172  30:16  Overseer x2  
  172  30:33  Spore Crawler  
  167  30:56  Drone x3  
  165  30:59  Corruptor, Swarm Host  
  165  31:00  Corruptor x17  
  180  31:22  Spore Crawler  
  180  31:23  Spore Crawler  
  180  31:24  Queen x4  
  180  31:25  Spore Crawler  
  185  31:30  Zergling x20  
  185  31:31  Zergling x10  
  200  31:52  Hatchery  
  199  32:05  Zergling x2  
  180  32:23  Zerg Flyer Weapons Level 3  
  177  32:44  Corruptor, Drone x2  
  178  32:45  Drone x4  
  178  32:50  Queen x3  
  189  32:52  Viper x2  
  189  32:53  Viper  
  188  33:14  Hatchery  
  187  33:37  Queen x2  
  191  33:46  Viper x3  
  200  33:53  Drone  
  200  34:09  Extractor  
  199  34:10  Spore Crawler  
  199  34:11  Spore Crawler  
  199  34:12  Spore Crawler  
  199  34:16  Spore Crawler  
  140  34:41  Brood Lord x2  
  140  34:42  Brood Lord x3  
  149  34:53  Drone x3  
  149  34:55  Drone x3  
  155  35:00  Drone x3  
  155  35:04  Brood Lord  
  160  35:16  Hatchery  
  159  35:22  Drone x2  
  161  35:29  Infestor x2  
  161  35:32  Hydralisk x9  
  183  36:13  Hatchery  
  179  36:40  Drone x2  
  179  36:46  Extractor  
  163  36:56  Spore Crawler  
  163  36:59  Spore Crawler  
  132  37:17  Brood Lord x4  
  140  37:24  Drone  
  140  37:26  Spore Crawler x2  
  140  37:27  Spore Crawler  
  138  37:37  Extractor  
  138  37:38  Hydralisk x9  
  138  37:39  Spore Crawler  
  138  37:40  Spore Crawler, Extractor  
  138  37:41  Spore Crawler  
  138  37:43  Hatchery  
  150  37:49  Drone  
  150  37:50  Drone  
  152  37:52  Drone x2  
  153  38:12  Drone x2  
  155  38:25  Hatchery  
  154  38:32  Spore Crawler  
  112  38:54  Corruptor x3  
  118  38:57  Corruptor x5  
  118  39:01  Hatchery  
  115  39:03  Extractor  
  115  39:04  Drone x3  
  115  39:05  Zergling x2  
  115  39:06  Zergling x18  
  121  39:11  Queen x2, Zergling x10  
  121  39:12  Queen x3  
  134  39:35  Zergling x20  
  134  39:36  Zergling x4  
  142  40:01  Drone x5  
  142  40:05  Hydralisk  
  142  40:06  Hydralisk x8  
  165  40:20  Hatchery  
  164  40:31  Drone x2  
  164  40:33  Queen  
  164  40:34  Spore Crawler, Queen  
  164  40:35  Spore Crawler x2  
  167  40:54  Viper  
  148  41:49  Brood Lord  
  148  41:52  Drone x2  
  152  41:57  Brood Lord  
Show
View Real Time Build Order
Export as new Build Order

SpeCIaL Terran 

Build Orders: Reaper Expand, Hellion Banshee, Mech 

Get SALT Encoding   

  12  0:01  SCV  
  13  0:13  SCV  
  14  0:17  Supply Depot  
  14  0:25  SCV  
  15  0:29  Refinery  
  15  0:39  SCV  
  16  0:44  Barracks  
  16  0:51  SCV  
  17  1:03  SCV  
  18  1:15  SCV  
  19  1:32  Orbital Command  
  19  1:33  Reaper  
  20  1:43  Command Center  
  20  1:55  Factory  
  20  1:58  SCV  
  21  2:10  SCV  
  21  2:12  Barracks Reactor, Supply Depot  
  22  2:17  Refinery  
  22  2:22  SCV  
  23  2:31  Bunker  
  23  2:34  SCV  
  24  2:48  SCV  
  25  2:54  Hellion x2, Starport  
  28  3:00  SCV  
  28  3:04  Barracks Tech Lab  
  29  3:12  SCV  
  30  3:23  Orbital Command  
  30  3:24  Hellion x2, SCV  
  35  3:36  SCV  
  35  3:39  Cloaking Field  
  35  3:40  Banshee  
  39  3:49  Hellion  
  39  3:51  Hellion  
  39  3:55  Supply Depot  
  43  3:56  SCV  
  43  3:58  SCV  
  45  4:09  SCV  
  46  4:13  SCV  
  46  4:16  Hellion x2  
  49  4:21  SCV, Supply Depot  
  49  4:23  Banshee  
  53  4:27  SCV  
  53  4:33  SCV  
  53  4:36  Marine  
  54  4:41  Hellion  
  54  4:43  Hellion  
  49  5:00  SCV x2  
  49  5:02  Hellion  
  49  5:06  Banshee  
  55  5:12  SCV x2  
  57  5:17  Armory  
  57  5:24  SCV x2  
  57  5:25  Hellion, Supply Depot  
  61  5:36  SCV  
  62  5:45  Command Center  
  62  5:47  SCV  
  62  5:49  SCV  
  64  5:51  Refinery x2, Supply Depot  
  64  5:55  Cyclone  
  67  5:59  SCV  
  67  6:03  SCV  
  69  6:11  SCV  
  70  6:13  Cyclone  
  70  6:16  SCV  
  68  6:25  Barracks Tech Lab, Terran Vehicle Weapons Level 1  
  64  6:27  Factory x2, SCV  
  64  6:28  SCV  
  64  6:30  Supply Depot  
  64  6:31  Hellion  
  68  6:39  SCV  
  69  6:42  SCV  
  69  6:43  Medivac  
  69  6:45  Hellion  
  74  6:51  SCV  
  74  6:52  Hellion  
  74  6:54  SCV  
  78  6:57  Orbital Command  
  78  7:03  SCV  
  78  7:06  Hellion, SCV  
  78  7:07  Supply Depot  
  82  7:09  Engineering Bay  
  82  7:13  Refinery  
  82  7:15  Refinery  
  80  7:16  SCV  
  80  7:18  Siege Tank, SCV  
  85  7:24  SCV  
  85  7:28  SCV  
  85  7:29  Siege Tank, Hellion  
  92  7:30  SCV  
  92  7:35  Supply Depot  
  92  7:36  SCV  
  94  7:39  Missile Turret  
  94  7:40  SCV  
  94  7:41  Missile Turret  
  94  7:42  SCV  
  94  7:44  Missile Turret  
  94  7:48  SCV  
  93  7:52  Hellion x2, SCV  
  93  7:54  SCV  
  93  7:58  Supply Depot  
  96  8:02  SCV  
  96  8:04  SCV  
  96  8:06  SCV  
  96  8:07  Siege Tank x2  
  96  8:10  Medivac  
  102  8:14  SCV  
  102  8:16  SCV  
  102  8:19  SCV  
  105  8:22  Hellion x2  
  105  8:23  Hellion  
  105  8:24  Hellion x2  
  105  8:27  SCV  
  110  8:30  SCV  
  110  8:31  SCV  
  112  8:39  Thor  
  112  8:41  Thor  
  124  8:45  Starport Reactor  
  124  8:47  Terran Vehicle Weapons Level 2  
  124  8:51  Hellion x2, Supply Depot  
  124  8:53  SCV x2, Supply Depot  
  130  8:59  Supply Depot  
  130  9:02  Supply Depot  
  131  9:07  Factory  
  130  9:10  Factory  
  130  9:14  Hellion x2  
  134  9:17  Supply Depot  
  134  9:22  Siege Tank  
  140  9:24  Siege Tank  
  140  9:35  Hellion x2  
  134  9:47  Command Center  
  131  9:54  Hellion  
  131  9:55  SCV x2  
  131  9:56  Hellion  
  131  9:57  Orbital Command  
  135  10:00  Factory Reactor, Factory Tech Lab  
  135  10:01  Infernal Pre-Igniter  
  133  10:12  SCV  
  133  10:13  SCV  
  133  10:15  Siege Tank  
  133  10:16  Hellion x2  
  139  10:23  Siege Tank x2  
  139  10:24  SCV  
  139  10:25  SCV  
  146  10:37  SCV  
  146  10:40  SCV  
  139  10:46  Hellion x2  
  139  10:47  Hellion  
  139  10:49  Siege Tank  
  148  10:53  Supply Depot x2  
  148  10:54  Viking x2, Supply Depot  
  148  10:55  Siege Tank, Supply Depot  
  148  10:56  Missile Turret  
  137  11:09  Hellion x4  
  137  11:10  Terran Vehicle Weapons Level 3  
  142  11:19  SCV x2  
  142  11:20  Planetary Fortress  
  142  11:21  Siege Tank  
  143  11:27  Viking  
  143  11:31  Viking  
  143  11:32  SCV  
  148  11:33  SCV  
  148  11:34  SCV  
  148  11:39  Sensor Tower  
  150  11:47  Siege Tank x2  
  150  11:48  Hellion x2  
  150  11:50  Supply Depot  
  160  11:57  SCV x2  
  160  11:59  Viking  
  160  12:00  Viking  
  160  12:05  Hellion  
  160  12:08  Hellion  
  149  12:09  Siege Tank  
  131  12:19  Siege Tank  
  131  12:20  Hellion  
  129  12:22  SCV  
  129  12:23  SCV  
  129  12:28  Hellion x2, Orbital Command  
  129  12:29  Siege Tank, Viking  
  135  12:30  Viking  
  125  12:44  SCV x2  
  127  12:55  SCV  
  127  12:56  SCV x2  
  130  12:58  SCV  
  131  13:06  Siege Tank x2  
  131  13:07  SCV  
  131  13:08  SCV x2  
  131  13:09  Hellion  
  131  13:10  Hellion  
  131  13:11  Hellion, SCV  
  147  13:16  Supply Depot x2  
  147  13:19  SCV  
  148  13:35  Siege Tank  
  148  13:37  Hellion, SCV x2, Supply Depot  
  148  13:38  Siege Tank, Supply Depot x2  
  149  13:42  Viking  
  149  13:44  Viking  
  151  13:50  SCV x2, Missile Turret  
  151  13:55  Terran Vehicle And Ship Armor Level 1  
  151  14:04  Hellion x3  
  151  14:07  Siege Tank  
  139  14:20  Hellion x2  
  139  14:21  Siege Tank  
  138  14:24  Viking x2  
  138  14:30  SCV x3  
  139  14:39  Siege Tank  
  114  14:53  Hellion x2  
  114  14:54  Viking x2  
  114  14:55  Hellion  
  114  14:57  Siege Tank  
  114  14:58  Siege Tank  
  124  15:04  Command Center  
  120  15:08  Hellion  
  120  15:12  Hellion  
  120  15:13  SCV x2  
  120  15:14  SCV  
  95  15:29  Siege Tank  
  95  15:30  Siege Tank  
  100  15:38  SCV  
  100  15:39  SCV x2  
  103  15:48  Hellion  
  101  15:50  Siege Tank, SCV  
  101  15:51  SCV  
  101  15:56  SCV  
  105  16:00  Viking x2  
  105  16:03  SCV x2  
  104  16:08  SCV  
  99  16:15  SCV x2  
  99  16:20  SCV  
  100  16:27  SCV  
  100  16:30  Siege Tank x2, Viking  
  107  16:33  Siege Tank  
  107  16:35  SCV  
  111  16:40  SCV x2  
  113  16:53  Planetary Fortress  
  113  16:54  SCV x2  
  113  16:59  Sensor Tower  
  115  17:02  Hellion, Siege Tank  
  120  17:09  Missile Turret, Viking  
  120  17:13  Viking  
  120  17:15  SCV x2  
  125  17:18  SCV  
  127  17:25  Hellion x2  
  127  17:27  Siege Tank  
  134  17:32  SCV  
  134  17:36  Terran Vehicle And Ship Armor Level 2  
  133  17:40  SCV x2  
  133  17:42  Viking  
  133  17:43  Viking  
  140  17:51  Hellion x2  
  140  17:53  Siege Tank  
  145  18:00  Missile Turret  
  145  18:02  Missile Turret x2  
  141  18:12  Viking  
  139  18:13  Viking  
  135  18:21  Hellion x2  
  135  18:22  Siege Tank  
  109  18:46  Starport x2  
  111  18:48  Hellion  
  111  18:49  Hellion  
  111  18:52  Hellion, Thor  
  111  18:53  Siege Tank  
  111  18:54  Viking x2  
  114  18:59  Missile Turret  
  114  19:00  SCV x2  
  113  19:07  Hellion  
  113  19:09  Missile Turret  
  115  19:11  Refinery  
  115  19:13  Refinery  
  115  19:18  Siege Tank  
  118  19:25  Siege Tank  
  118  19:26  Hellion x2  
  118  19:28  Starport Tech Lab x2  
  125  19:37  Siege Tank  
  128  19:42  Refinery  
  128  19:43  SCV x3  
  125  19:46  Missile Turret  
  125  19:48  Hellion x2  
  125  19:49  Hellion  
  131  19:52  Terran Ship Weapons Level 1  
  131  19:57  Viking  
  131  19:58  Refinery, Raven  
  135  20:01  Siege Tank  
  135  20:05  Hellion  
  140  20:12  Siege Tank  
  143  20:17  SCV x3  
  146  20:23  Raven  
  146  20:27  Recalibrated Explosives  
  133  20:37  SCV x2  
  132  20:44  Hellion x6  
  132  20:45  Siege Tank  
  132  20:46  Siege Tank, Hellion x3  
  132  20:47  Hellion  
  146  20:52  Missile Turret  
  146  20:55  Missile Turret  
  146  21:03  Missile Turret  
  145  21:05  Raven  
  146  21:12  SCV x3  
  146  21:16  Missile Turret  
  149  21:20  Hellion x6  
  149  21:21  Raven  
  163  21:38  Hellion x2  
  159  21:48  Hellion x2, Raven  
  163  21:56  Hellion  
  163  22:00  Siege Tank  
  159  22:08  Command Center  
  148  22:09  Raven  
  148  22:12  Hellion x3  
  144  22:17  Hellion  
  131  22:25  Hellion  
  131  22:26  Siege Tank  
  134  22:30  Viking  
  133  22:58  Siege Tank x2  
  137  23:02  Hellion x2  
  126  23:11  Viking x2  
  123  23:14  Orbital Command, Viking  
  125  23:24  Barracks  
  125  23:37  Raven  
  127  23:53  Refinery  
  127  23:54  Refinery  
  127  23:55  Missile Turret  
  127  23:56  Missile Turret  
  127  23:58  Viking  
  127  24:01  Hellion  
  129  24:09  Hellion  
  131  24:13  Siege Tank  
  129  24:20  Raven  
  129  24:22  Orbital Command  
  131  24:31  Missile Turret  
  131  24:35  Viking  
  131  24:37  Viking  
  135  24:44  Viking  
  130  24:59  Hellion x5  
  124  25:02  Raven  
  124  25:05  Siege Tank, Viking  
  124  25:06  Hellion  
  131  25:13  Missile Turret  
  131  25:24  Sensor Tower  
  131  25:27  Siege Tank  
  132  25:37  Missile Turret  
  132  25:41  SCV x2  
  134  25:44  Raven  
  134  25:47  Raven  
  132  25:57  Siege Tank  
  132  26:00  Hellion  
  131  26:06  Supply Depot  
  131  26:11  Viking  
  133  26:19  Viking  
  135  26:26  Raven  
  135  26:28  SCV  
  135  26:29  SCV x2  
  140  26:37  Missile Turret  
  134  26:48  Siege Tank x2  
  134  26:50  Orbital Command  
  138  27:00  Viking  
  129  27:13  SCV x2  
  128  27:27  SCV x2  
  128  27:28  SCV x2  
  128  27:29  Refinery x2  
  132  27:30  Raven x2, Viking  
  132  27:31  Siege Tank  
  141  27:46  Viking  
  141  27:48  Siege Tank  
  141  27:49  Siege Tank  
  141  27:50  SCV  
  141  27:51  SCV x2  
  152  27:52  SCV  
  153  28:02  SCV, Missile Turret  
  153  28:03  SCV  
  155  28:06  Hellion x2  
  159  28:14  Missile Turret  
  159  28:15  Hellion  
  159  28:16  Hellion  
  162  28:21  Raven  
  164  28:30  SCV x4  
  164  28:31  Sensor Tower  
  168  28:35  Hellion  
  168  28:38  Hellion  
  164  28:53  Hellion x3  
  170  28:56  Hellion  
  170  29:02  Raven  
  172  29:03  Viking  
  172  29:06  Corvid Reactor  
  176  29:11  Hellion  
  176  29:14  Siege Tank  
  181  29:22  Terran Ship Weapons Level 2  
  179  29:24  Missile Turret  
  179  29:30  Missile Turret  
  174  29:32  SCV x4  
  175  29:40  Siege Tank  
  175  29:43  Supply Depot  
  175  29:44  Missile Turret  
  178  29:46  Supply Depot  
  178  30:05  Siege Tank, Hellion, Raven x2  
  187  30:08  Viking x2  
  191  30:26  Missile Turret  
  191  30:28  Siege Tank  
  194  30:36  Factory Tech Lab  
  194  30:37  Siege Tank  
  185  30:54  Missile Turret  
  185  30:57  Hellion x2  
  182  31:01  Siege Tank  
  174  31:12  Viking x2  
  174  31:18  Hellion  
  180  31:20  Command Center  
  180  31:22  Hellion x2, Siege Tank  
  187  31:28  Viking  
  187  31:29  Raven  
  191  31:46  Viking  
  193  31:51  Missile Turret  
  193  31:58  Raven  
  169  32:27  Siege Tank x2  
  156  32:30  Hellion x2  
  132  32:38  Siege Tank, Hellion x2  
  133  32:51  Hellion  
  133  32:52  Hellion  
  126  33:57  Raven  
  126  34:04  Raven  
  126  34:26  SCV x2  
  126  34:35  SCV  
  126  34:38  SCV  
  126  34:49  Hellion  
  126  34:51  SCV  
  126  34:52  SCV  
  130  34:58  SCV  
  132  35:07  SCV x2  
  132  35:13  SCV  
  134  35:23  Planetary Fortress  
  134  35:34  SCV x2  
  136  35:50  Siege Tank x2  
  136  35:56  Hellion  
  144  35:59  Raven  
  144  36:02  Raven  
  148  36:10  SCV x2  
  150  36:15  Siege Tank  
  153  36:24  SCV x2  
  142  36:38  SCV x2  
  140  36:41  Raven  
  140  36:43  Hellion  
  141  36:54  SCV x3  
  144  37:06  SCV x2  
  144  37:07  SCV, Raven  
  143  37:18  Hellion  
  145  37:24  Refinery  
  145  37:26  Refinery  
  145  37:30  SCV  
  145  37:36  SCV  
  147  37:38  SCV  
  146  38:07  SCV x2  
  146  38:15  SCV  
  145  38:28  SCV x2  
  145  38:30  Hellion x3  
  145  38:32  SCV  
  114  38:48  Siege Tank  
  114  38:52  Hellion  
  115  38:56  SCV x2  
  113  39:11  Hellion x2  
  113  39:16  SCV x2  
  119  39:27  SCV  
  119  39:28  SCV  
  121  39:36  Hellion  
  107  39:56  Siege Tank  
  107  40:03  Siege Tank  
  108  40:23  Siege Tank  
  111  40:43  Siege Tank  
  80  41:23  Siege Tank  
  72  41:53  Siege Tank  
  75  41:57  Hellion  
  75  41:59  Hellion  
Tags
 
Add a new tag
Caveats
  • Supply blocks, unpowered buildings, or Contaminate may cause inaccurate times.
  • Supply counts are checked every 10 seconds.